 Dungeon Crawl Stone Soup version 0.17.0-24-gcfadda4 (webtiles) character file.

11809 Ordine the Thaumaturge (level 11, -30/82 HPs)
             Began as a Mottled Draconian Transmuter on Nov 15, 2015.
             Was the Champion of Cheibriados.
             Killed by the air
             ... invoked by Gastronok
              (38 damage)
             ... on level 2 of the Lair of Beasts.
             The game lasted 00:48:28 (16124 turns).

Ordine the Thaumaturge (DrTm)                      Turns: 16124, Time: 00:48:28

Health: -30/82     AC: 12    Str: 27    XL:     11   Next: 54%
Magic:  21/27      EV: 15    Int: 34    God:    Cheibriados [******]
Gold:   728        SH:  0    Dex: 27    Spells: 3 memorised, 22 levels left

rFire  + . .     SeeInvis .       - Unarmed
rCold  . . .     Clarity  .     (armour unavailable)
rNeg   . . .     SustAt   .     (shield currently unavailable)
rPois  .         Gourm    .     (helmet restricted)
rElec  .         Spirit   .     q - +0 cloak
rCorr  .         Warding  .     (gloves currently unavailable)
rMut   .         Stasis   .     t - +0 pair of boots
MR     .....                    (no amulet)
Stlth  ++........               B - +3 ring of protection
                                m - +2 ring of evasion

@: blade hands, very slow, not resistant to hostile enchantments, unstealthy
A: breathe sticky flame splash, unfitting armour, big wings, clever 1, fire
resistance 1, cold-blooded, subdued magic 1, AC +7
a: Breathe Sticky Flame, Fly, End Transformation, Bend Time, Temporal
Distortion, Slouch, Step From Time, Renounce Religion


You were on level 2 of the Lair of Beasts.
You worshipped Cheibriados.
Cheibriados was exalted by your worship.
You were hungry.
You had blades for hands.
You visited 3 branches of the dungeon, and saw 14 of its levels.

You collected 728 gold pieces.

Inventory:

Armour
 q - a +0 cloak (worn)
 r - a +0 buckler (melded)
 t - a +0 pair of boots (worn)
 v - a +0 pair of gloves (melded)
Jewellery
 m - a +2 ring of evasion (left scythe-like blade)
 p - an uncursed amulet of stasis
 y - an uncursed ring of see invisible
 B - a +3 ring of protection (right scythe-like blade)
Wands
 x - a wand of teleportation (4)
Scrolls
 e - 2 scrolls of fog
 f - 2 scrolls of fear
 h - 5 scrolls of remove curse
 l - 6 scrolls of recharging
 u - 4 scrolls of enchant armour
 w - 2 scrolls of amnesia
Potions
 a - 3 potions of brilliance
 g - 2 potions of flight
 n - 2 potions of resistance
 A - 2 potions of might {unknown}
 D - a potion of lignification {unknown}
Comestibles
 c - 12 bread rations
 d - 5 fruits
 j - 9 meat rations
 o - 2 beef jerkies
 z - a royal jelly


   Skills:
 + Level 3.3 Fighting
 - Level 1.7 Dodging
 + Level 2.6 Shields
 * Level 10.2 Unarmed Combat
 - Level 12.0 Spellcasting
 - Level 8.0 Transmutations


You had 22 spell levels left.
You knew the following spells:

 Your Spells              Type           Power        Failure   Level  Hunger
a - Spider Form           Trmt/Pois      ####......   9%          3    None
b - Blade Hands           Trmt           #####.....   11%         5    None
c - Ice Form              Ice/Trmt       ####....     19%         4    None


Dungeon Overview and Level Annotations

Branches:
Dungeon (11/15)            Temple (1/1) D:4            Lair (2/8) D:11
    Orc: D:9-12

Altars:
Ashenzari
Cheibriados
Dithmenos
Elyvilon
Fedhas
Gozag
Kikubaaqudgha
Makhleb
Nemelex Xobeh
Okawaru
Qazlal
Ru
Sif Muna
Trog
Vehumet
Xom
Yredelemnul
Zin
The Shining One

Annotations:
D:8 exclusion: 3 oklob plants
Lair:2 Gastronok


Innate Abilities, Weirdness & Mutations

You can spit globs of burning liquid.
You can ignite nearby creatures when you spit burning liquid.
Your weird mottled scales are hard (AC +7).
Your body does not fit into most forms of armour.
You are cold-blooded and may be slowed by cold attacks.
Your large and strong wings let you fly indefinitely.
Your mind is acute. (Int +2)
Your flesh is heat resistant.
Your spells are a little easier to cast, but a little less powerful.


Message History

Okay, then.
You slash Gastronok! You slash Gastronok.
Gastronok is lightly wounded.
You hit Gastronok. You tail-slap Gastronok. You slash Gastronok!
Gastronok is moderately wounded.
You slash Gastronok! You tail-slap Gastronok.
Gastronok is moderately wounded.
Gastronok waves his eye-stalks in wide circles.
The air twists around and strikes you!
* * * LOW HITPOINT WARNING * * *
You slice Gastronok!!
You tail-slap Gastronok, but do no damage.
Gastronok is heavily wounded.
Drink which item? (? for menu, Esc to quit)
It was a potion of beneficial mutation.
Your wings grow larger and stronger.
You feel fantastic!
Gastronok waves his eye-stalks in wide circles.
The air twists around and strikes you!
You die...

....P#.........
#...............
#...............
#...............
##....P..........
#......P.........
##....#w........
##.....#P@#.....
#................
###..............
#P...#####.P..#.
##.<.# #...P.
#...# .....
#....P# ..#.
#....## ...
.....#


You could see Gastronok.

Vanquished Creatures
  The ghost of profreshinal the Geomancer, a novice FoEE of Cheibriados (D:9)
  A hill giant (D:11)
  A molten gargoyle (Lair:1)
  A cyclops (D:11)
  2 gargoyles (D:11)
  A black mamba (Lair:1)
  A spiny frog (Lair:1)
  A fire drake (D:11)
  3 trolls
  3 two-headed ogres
  A spriggan (D:7)
  Sigmund (D:4)
  A wyvern (D:8)
  2 fire bats (Lair:1)
  3 hippogriffs
  Edmund (D:6)
  4 water moccasins
  A soldier ant (D:10)
  2 orc warriors (D:10)
  2 sky beasts
  4 porcupines
  A necrophage (D:7)
  5 ogres
  4 centaurs
  4 ice beasts
  3 phantoms
  4 crocodiles
  8 giant frogs
  5 big kobolds
  2 water moccasin skeletons (D:5)
  3 scorpions
  3 wights (D:10)
  6 crimson imps
  A quasit (D:11)
  5 giant frog zombies
  A jelly (D:10)
  3 centaur zombies
  6 hounds
  8 orc wizards
  4 giant frog skeletons
  3 iguanas
  4 orc priests
  12 worker ants
  2 killer bee zombies
  4 sheep
  A hound skeleton (D:5)
  2 hound zombies
  2 worker ant zombies
  15 adders
  A shadow imp (D:6)
  An ooze (D:1)
  2 adder zombies (D:5)
  An adder skeleton (D:9)
  4 worms
  34 orcs
  8 giant cockroaches
  8 hobgoblins
  17 jackals
  4 quokkas
  A ball python (D:1)
  10 bats
  6 giant geckos
  A giant gecko zombie (D:5)
  8 giant newts
  8 goblins
  2 jackal skeletons
  50 kobolds
  9 rats
333 creatures vanquished.

Vanquished Creatures (others)
  A kobold (D:4)
  A fire vortex (Lair:1)
  A fungus (Lair:1)
  3 plants (D:4)
6 creatures vanquished.

Grand Total: 339 creatures vanquished

Notes
Turn   | Place    | Note
--------------------------------------------------------------
     0 | D:1      | Ordine the Draconian Transmuter began the quest for the Orb.
     0 | D:1      | Reached XP level 1. HP: 16/16 MP: 3/3
   398 | D:1      | Reached XP level 2. HP: 17/23 MP: 3/5
   481 | D:1      | Gained mutation: Your flesh is heat resistant. [potion of mutation]
   481 | D:1      | Gained mutation: Your mind is acute. (Int +2) [potion of mutation]
   481 | D:1      | Gained mutation: Your spells are a little easier to cast, but a little less powerful. [potion of mutation]
   781 | D:2      | Reached XP level 3. HP: 18/28 MP: 6/6
  1347 | D:2      | Learned a level 3 spell: Spider Form
  1478 | D:2      | Reached skill level 4 in Transmutations
  2669 | D:2      | Found a basalt altar of Yredelemnul.
  2930 | D:3      | Reached XP level 4. HP: 23/35 MP: 7/7
  3336 | D:3      | Noticed a giant frog
  3742 | D:3      | Killed a giant frog
  3742 | D:3      | Reached skill level 5 in Transmutations
  3742 | D:3      | Reached XP level 5. HP: 32/40 MP: 4/8
  4557 | D:4      | Noticed Sigmund
  4575 | D:4      | Killed Sigmund
  4575 | D:4      | Reached skill level 6 in Transmutations
  4575 | D:4      | Reached XP level 6. HP: 42/47 MP: 1/9
  4577 | D:4      | Reached skill level 7 in Transmutations
  4854 | D:4      | Learned a level 5 spell: Blade Hands
  5161 | D:4      | Found a staircase to the Ecumenical Temple.
  5167 | Temple   | Entered the Ecumenical Temple
  5268 | Temple   | Became a worshipper of Cheibriados the Contemplative
  5732 | D:4      | Your scales start taking on a weird mottled colour.
  5732 | D:4      | Reached XP level 7. HP: 40/52 MP: 2/10
  5736 | D:4      | Reached * piety under Cheibriados
  6323 | D:5      | Entered Level 5 of the Dungeon
  6403 | D:5      | Reached skill level 8 in Transmutations
  6521 | D:5      | Reached ** piety under Cheibriados
  7262 | D:5      | Reached XP level 8. HP: 51/59 MP: 9/14
  7865 | D:6      | Noticed Edmund
  7875 | D:6      | Killed Edmund
  7875 | D:6      | Reached skill level 5 in Spellcasting
  8154 | D:6      | Reached *** piety under Cheibriados
  8356 | D:6      | Reached skill level 5 in Unarmed Combat
  9387 | D:7      | Reached XP level 9. HP: 18/64 MP: 13/19
  9744 | D:7      | Reached **** piety under Cheibriados
 10679 | D:8      | Reached skill level 9 in Spellcasting
 10682 | D:8      | Reached ***** piety under Cheibriados
 10734 | D:8      | Found a white marble altar of Elyvilon.
 11151 | D:8      | Noticed an oklob plant
 11258 | D:8      | Noticed an oklob plant
 11258 | D:8      | Noticed an oklob plant
 11754 | D:8      | Reached XP level 10. HP: 45/71 MP: 23/23
 12152 | D:9      | Noticed profreshinal's ghost (novice FoEE)
 12189 | D:9      | Killed profreshinal's ghost
 12189 | D:9      | Reached skill level 10 in Spellcasting
 13087 | D:10     | Entered Level 10 of the Dungeon
 13371 | D:10     | Reached skill level 11 in Spellcasting
 13678 | D:10     | Reached ****** piety under Cheibriados
 13958 | D:11     | Noticed a cyclops
 14107 | D:11     | Noticed a hill giant
 14117 | D:11     | Killed a hill giant
 14117 | D:11     | Reached XP level 11. HP: 44/77 MP: 22/26
 14345 | D:11     | Killed a cyclops
 14420 | D:11     | Found a staircase to the Lair.
 14446 | D:11     | Reached skill level 12 in Spellcasting
 14831 | Lair:1   | Entered Level 1 of the Lair of Beasts
 14894 | Lair:1   | Reached skill level 1 in Shields
 15584 | Lair:1   | Reached skill level 10 in Unarmed Combat
 16100 | Lair:1   | Learned a level 4 spell: Ice Form
 16107 | Lair:2   | Noticed Gastronok
 16124 | Lair:2   | Gained mutation: Your large and strong wings let you fly indefinitely. [potion of beneficial mutation]
 16124 | Lair:2   | Killed from afar by Gastronok

Action                   |  1- 3 |  4- 6 |  7- 9 | 10-12 || total
-------------------------+-------+-------+-------+-------++-------
Melee: Unarmed           |   218 |   173 |   483 |   283 ||  1157
 Cast: Beastly Appendage |    14 |     5 |       |       ||    19
       Spider Form       |       |     9 |     1 |     1 ||    11
       Blade Hands       |       |     2 |    24 |    24 ||    50
 Abil: Breathe Sticky Fl |       |       |     1 |       ||     1
  Use: Scroll            |     6 |     5 |     4 |     7 ||    22
       Potion            |     1 |     3 |       |     2 ||     6
 Stab: Invisible         |       |     3 |       |       ||     3
       Sleeping          |       |     1 |    11 |     3 ||    15
       Distracted        |       |       |     1 |       ||     1
  Eat: Chunk             |     6 |    12 |    16 |     7 ||    41
       Fruit             |       |       |     1 |     1 ||     2
